Map: Jagannatha LE

Players

EnDerr - Winner!

  • Race: Zerg Zerg
  • Spawn Location: 1:00

JusticeSimon

  • Race: Protoss Protoss
  • League: Master
  • Spawn Location: 7:00

Event: DreamHack SC2 Masters 2020 Winter

VOD

Have the link to the VOD?

Description

Time

  • Played on: Oct. 18, 2020, 2:50 a.m.
  • Length: 9:43

All games in this series

Show
View Real Time Build Order
Export as new Build Order

EnDerr Zerg - Winner!

Build Orders: Pool First 

Get SALT Encoding   

  12  0:02  Drone  
  13  0:12  Overlord  
  13  0:17  Drone  
  14  0:31  Drone x2  
  16  0:39  Extractor  
  15  0:43  Spawning Pool  
  15  0:46  Drone  
  15  0:51  Drone  
  16  0:59  Drone  
  17  1:09  Drone  
  18  1:30  Queen  
  18  1:31  Zergling x4  
  22  1:39  Overlord  
  22  1:59  Roach Warren  
  21  2:02  Hatchery  
  20  2:11  Overlord  
  20  2:39  Roach x5  
  20  2:43  Roach  
  32  2:56  Overlord  
  32  3:00  Ravager x2  
  32  3:02  Zergling x2  
  35  3:16  Zergling x8  
  39  3:23  Ravager  
  40  3:28  Zergling x4  
  42  3:36  Zergling x4  
  42  3:38  Zergling x2  
  43  3:50  Zergling x6  
  46  4:02  Zergling x6  
  41  4:11  Zergling x2  
  41  4:16  Metabolic Boost  
  37  4:30  Drone x4  
  38  4:38  Drone x2  
  36  4:41  Drone  
  36  4:44  Drone  
  35  4:46  Drone  
  35  4:49  Drone  
  35  4:53  Drone  
  35  4:59  Queen  
  38  5:04  Queen  
  40  5:11  Drone x2  
  42  5:14  Overlord  
  42  5:25  Overlord  
  42  5:34  Drone x3  
  42  5:35  Drone  
  46  5:37  Queen  
  46  5:39  Drone  
  46  5:40  Drone  
  50  5:48  Drone x2  
  52  5:50  Lair  
  52  5:55  Drone x2, Overlord  
  54  5:58  Drone  
  55  6:07  Drone  
  55  6:09  Extractor  
  55  6:10  Extractor  
  54  6:12  Evolution Chamber  
  54  6:13  Drone x3  
  54  6:17  Extractor  
  55  6:22  Overlord  
  55  6:23  Drone x2  
  57  6:32  Drone x2  
  59  6:36  Overlord  
  59  6:37  Hatchery  
  59  6:38  Zerg Missile Weapons Level 1  
  58  6:42  Drone  
  59  6:50  Drone  
  59  6:51  Hydralisk Den  
  59  6:52  Queen  
  59  6:53  Queen  
  63  6:59  Overlord x2  
  63  7:08  Overlord x2  
  63  7:20  Grooved Spines, Hydralisk x3  
  69  7:25  Hydralisk  
  69  7:27  Hydralisk  
  73  7:33  Hydralisk x2  
  77  7:40  Overlord x2  
  77  7:46  Overlord  
  77  7:47  Hydralisk  
  79  7:55  Hydralisk  
  79  7:56  Hydralisk  
  83  8:02  Overseer  
  83  8:05  Overlord  
  82  8:08  Hydralisk x3  
  88  8:13  Hydralisk  
  90  8:21  Hydralisk  
  90  8:22  Hydralisk x2  
  96  8:29  Hydralisk  
  96  8:33  Hydralisk  
  96  8:34  Hydralisk  
  98  8:37  Hydralisk  
  98  8:40  Hydralisk  
  105  8:43  Hydralisk  
  103  8:51  Hydralisk  
  105  8:55  Hydralisk  
  105  8:56  Hydralisk  
  109  9:07  Hydralisk  
  109  9:08  Hydralisk  
  109  9:09  Zergling x10  
  104  9:11  Zergling x2  
Show
View Real Time Build Order
Export as new Build Order

JusticeSimon Protoss 

Build Orders:  

Get SALT Encoding   

  12  0:00  Probe  
  13  0:12  Probe  
  14  0:20  Pylon  
  14  0:24  Probe  
  15  0:38  Probe (Chrono Boost)  
  16  0:44  Gateway  
  16  0:49  Probe (Chrono Boost)  
  17  0:52  Assimilator  
  17  0:54  Probe (Chrono Boost)  
  18  1:04  Probe  
  19  1:13  Gateway  
  19  1:20  Pylon  
  19  1:21  Probe  
  20  1:31  Cybernetics Core  
  20  1:38  Pylon  
  20  1:39  Zealot  
  22  1:43  Pylon  
  22  1:45  Probe  
  23  1:51  Assimilator  
  23  2:05  Probe  
  24  2:09  Adept  
  25  2:25  Nexus  
  25  2:36  Stargate  
  25  2:49  Stalker  
  27  2:52  Probe  
  28  2:59  Warp Gate, Pylon  
  29  3:11  Void Ray (Chrono Boost)  
  29  3:15  Shield Battery  
  32  3:26  Stalker  
  34  3:34  Pylon  
  30  4:11  Pylon  
  30  4:12  Pylon  
  33  4:48  Adept  
  33  4:51  Probe (Chrono Boost)  
  33  4:52  Gateway, Probe (Chrono Boost)  
  37  4:54  Void Ray (Chrono Boost)  
  37  4:55  Pylon  
  37  5:04  Probe x2 (Chrono Boost)  
  39  5:09  Probe x2 (Chrono Boost)  
  39  5:10  Shield Battery, Sentry  
  43  5:18  Probe x2  
  45  5:29  Void Ray (Chrono Boost)  
  45  5:30  Probe x2  
  51  5:42  Probe x2 (Chrono Boost)  
  53  5:51  Probe (Chrono Boost)  
  53  5:52  Probe (Chrono Boost)  
  53  5:54  Adept x2  
  53  5:56  Probe x2 (Chrono Boost)  
  61  6:06  Void Ray  
  61  6:08  Probe x2  
  61  6:10  Assimilator  
  63  6:14  Twilight Council  
  67  6:27  Probe x2  
  69  6:35  Gateway  
  69  6:37  Gateway  
  69  6:38  Gateway  
  69  6:50  Robotics Facility  
  69  6:58  Charge (Chrono Boost)  
  69  7:05  Assimilator  
  69  7:08  Zealot x2  
  69  7:11  Pylon  
  69  7:13  Gateway, Pylon  
  69  7:15  Gateway, Pylon  
  69  7:17  Pylon  
  69  7:20  Probe  
  70  7:23  Pylon  
  70  7:29  Probe  
  71  7:30  Templar Archives  
  71  7:40  Warp Prism (Chrono Boost)  
  73  7:47  Zealot x2  
  77  7:59  Pylon  
  77  8:05  Pylon  
  77  8:06  Pylon, Zealot  
  77  8:07  Zealot x2  
  83  8:18  Adept  
  85  8:27  High Templar x4  
  85  8:28  Zealot  
  85  8:29  Zealot  
  85  8:31  Archon x2  
  93  8:49  Zealot x3  
  99  8:57  Zealot x3  
  99  9:00  Zealot  
  69  9:12  Zealot x5  
  69  9:13  Zealot  
Tags
 
Add a new tag
Caveats
  • Supply blocks, unpowered buildings, or Contaminate may cause inaccurate times.
  • Supply counts are checked every 10 seconds.